 Dungeon Crawl Stone Soup version 0.28-a0-401-ge240ad9e29 (webtiles) character file.

Game seed: 18197926810187620979

308 speeev33 the Skirmisher (level 6, -4/57 HPs)
             Began as a Hill Orc Fighter on Sept 4, 2021.
             Killed by divine providence
             ... invoked by an orc priest
              (10 damage)
             ... on level 4 of the Dungeon.
             The game lasted 00:04:30 (3546 turns).

speeev33 the Skirmisher (Hill Orc Fighter)          Turns: 3546, Time: 00:04:31

Health: -4/57      AC: 12    Str: 21    XL:     6   Next: 40%
Magic:  6/6        EV:  5    Int:  8    God:
Gold:   134        SH: 12    Dex: 10    Spells: 5/5 levels left

rFire   . . .      SeeInvis .   a - +0 war axe (protect)
rCold   + . .      Faith    .   h - +0 tower shield
rNeg    . . .      Spirit   .   b - +0 scale mail
rPois   .          Reflect  .   (no helmet)
rElec   .          Harm     .   f - +0 cloak
rCorr   .          Rampage  .   (no gloves)
Will    .....                   (no boots)
Stlth   ..........              (no amulet)
HPRegen 0.19/turn               j - +4 ring of protection
MPRegen 0.10/turn               c - ring of protection from cold

@: no status effects
A: no striking features
a: Convert to Beogh


You were on level 4 of the Dungeon.
You visited 1 branch of the dungeon, and saw 4 of its levels.

You collected 134 gold pieces.

Inventory:

Hand Weapons
 a - a +0 war axe of protection (weapon)
Missiles
 d - 8 boomerangs (quivered)
Armour
 b - a +0 scale mail (worn)
 f - a +0 cloak (worn)
 h - a +0 tower shield (worn)
Jewellery
 c - a ring of protection from cold (right hand)
 i - a ring of see invisible
 j - a +4 ring of protection (left hand)
 k - a +6 ring of dexterity
 q - a ring of magical power
Scrolls
 p - a scroll of teleportation
Potions
 e - 2 potions of flight
 g - 2 potions of magic
 l - a potion of curing {unknown}
 m - a potion of brilliance {unknown}
 n - 2 potions of resistance {unknown}
 o - a potion of lignification {unknown}


   Skills:
 + Level 5.6 Fighting
 + Level 5.4 Axes
 - Level 3.2 Armour
 + Level 5.1 Shields


You had 5 spell levels left.
You didn't know any spells.
Your spell library was empty.

Dungeon Overview and Level Annotations

Branches:
Dungeon (4/15)
 Temple: D:4-7

Altars:


Message History

The kobold brigand hits you but does no damage. x2
You hit the kobold brigand but do no damage.
Your weapon exudes an aura of protection.
The kobold brigand hits you but does no damage.
You block the kobold brigand's attack.
You closely miss the kobold brigand.
The kobold brigand hits you but does no damage.
You closely miss the kobold brigand. You block the kobold brigand's attack.
The kobold brigand hits you but does no damage.
You hit the kobold brigand but do no damage.
Your weapon exudes an aura of protection.
You block the kobold brigand's attack.
The orc priest shouts!
You hit the kobold brigand.
The kobold brigand is lightly wounded.
The kobold brigand hits you but does no damage. x2
The orc priest miscasts a cantrip.
You hit the orc priest.
The orc priest shouts, "Beogh is our master!
Accept the truth or die!"
The orc priest is moderately wounded.
You slash the kobold brigand!
The kobold brigand hits you with a +0 dagger.
* * * LOW HITPOINT WARNING * * *
The orc priest hits you but does no damage.
The kobold brigand hits you but does no damage.
The orc priest mumbles some strange prayers to Beogh against you.
Pain shoots through your body!
* * * LOW HITPOINT WARNING * * *
Items here: )) [ ÷.
Items here: ))) [[ ÷÷.
You see here a quokka skeleton.
The orc priest invokes the aid of Beogh against you.
Pain shoots through your body!
* * * LOW HITPOINT WARNING * * *
The orc priest calls down the wrath of Beogh upon you.
Pain shoots through your body!
* * * LOW HITPOINT WARNING * * *
The orc priest calls down the wrath of Beogh upon you.
Beogh smites you!
You die...

#.#.# #.#.# #.#.#
##'#.##########
#.............####### ##
#[...............#........
###................#.##...#
#....####.#####..(.#.##...#
#....+.>...@....oK....'[..+
#....####.#####....#.##...#
#....# #.# ######÷##...#
#....# #.# #)##...# ######
... #o##...# .(# #K.)..##
...# #####)# ...#
#.......... ...........


You could see a kobold brigand and an orc priest.

Vanquished Creatures
  A scorpion (D:3)
  A jelly (D:4)
  An orc priest (D:4)
  2 iguanas
  An orc wizard (D:4)
  3 adders
  2 dart slugs (D:1)
  5 orcs (D:4)
  3 endoplasms
  5 giant cockroaches
  3 goblins
  6 hobgoblins
  9 jackals
  6 kobolds
  5 quokkas
  9 ball pythons
  5 bats
  4 frilled lizards
  5 rats
76 creatures vanquished.

Vanquished Creatures (others)
  An orc wizard (D:4)
  3 plants (D:2)
  9 withered plants (D:2)
13 creatures vanquished.

Grand Total: 89 creatures vanquished

Notes
Turn   | Place    | Note
-------+----------+-------------------------------------------
     0 | D:1      | speeev33 the Hill Orc Fighter began the quest for the Orb.
     0 | D:1      | Reached XP level 1. HP: 19/19 MP: 1/1
   364 | D:1      | Reached XP level 2. HP: 27/27 MP: 2/2
   587 | D:1      | Reached XP level 3. HP: 33/33 MP: 3/3
  1330 | D:2      | Found a faded altar of an unknown god.
  2002 | D:2      | Reached XP level 4. HP: 37/41 MP: 4/4
  2609 | D:3      | Reached XP level 5. HP: 47/47 MP: 5/5
  2900 | D:3      | Reached skill level 5 in Fighting
  3151 | D:4      | Reached skill level 5 in Axes
  3210 | D:4      | Reached XP level 6. HP: 51/56 MP: 6/6
  3269 | D:4      | Reached skill level 5 in Shields
  3546 | D:4      | Killed from afar by an orc priest

Illustrated notes

Levels and vault maps discovered:
D:1:      lemuel_arrival_tunnels, layout_loops_corners
D:2:      layout_basic, shapermc_ecumenical_altar_flowoftime,
          kennysheep_generic_room_7
D:3:      layout_loops_cross, minmay_misc_feat_ornament
D:4:      layout_basic

Skill      XL: |  1  2  3  4  5  6 |
---------------+-------------------+-----
Axes           | 3 4 5 |  5.4
Fighting       | 4 5 |  5.6
Shields        | 4 5 |  5.1
Armour         | |  3.2

Action                   |  1- 3 |  4- 6 || total
-------------------------+-------+-------++-------
Melee: War axe           |   119 |   150 ||   269
  Use: Scroll            |     3 |     3 ||     6
       Potion            |       |     1 ||     1
Armor: Scale mail        |    61 |   108 ||   169
Dodge: Dodged            |    50 |    29 ||    79
Block: Buckler           |    13 |       ||    13
       Tower shield      |    43 |   113 ||   156

Table legend: (Time is in decaauts)
 A = Elapsed time spent in this place.
 B = Non-inter-level travel time spent in this place.
 C = Inter-level travel time spent in this place.
 D = Time resting spent in this place.
 E = Time spent auto-exploring this place.
 F = Levels seen in this place.
 G = Mean time per level.
                   A        B        C        D        E       F      G
               +--------+--------+--------+--------+--------+-----+--------+
         Total |   3727 |   3578 |    149 |    280 |   2469 |   4 |  931.8 |
       Dungeon |   3727 |   3578 |    149 |    280 |   2469 |   4 |  931.8 |
               +--------+--------+--------+--------+--------+-----+--------+

Top non-repeatable levels by time:
     D:1: 1279 daAuts
     D:2: 1048 daAuts
     D:3: 933 daAuts
     D:4: 466 daAuts
